 Dungeon Crawl Stone Soup version 0.21.1-1-g345015fe64 (webtiles) character file.

301 Peloso the Slasher (level 6, -2/48 HPs)
             Began as a Demonspawn Fighter on May 13, 2018.
             Was an Initiate of Okawaru.
             Slain by a hippogriff (5 damage)
             ... on level 4 of the Dungeon.
             The game lasted 00:11:29 (3948 turns).

Peloso the Slasher (Demonspawn Fighter)             Turns: 3948, Time: 00:11:30

Health: -2/48      AC:  7    Str: 19    XL:     6   Next: 14%
Magic:  15/15      EV:  7    Int:  9    God:    Okawaru [......]
Gold:   149        SH: 13    Dex: 12    Spells: 5/5 levels left

rFire    . . .     SeeInvis .   a - +1 long sword
rCold    . . .     Gourm    .   c - +1 shield
rNeg     . . .     Faith    .   b - +0 scale mail
rPois    .         Spirit   .   (no helmet)
rElec    .         Reflect  +   (no cloak)
rCorr    .         Harm     .   (no gloves)
MR       .....                  (no boots)
Stlth    ++........             o - +3 amulet of reflection
HPRegen  0.16/turn              p - ring of magical power
MPRegen  0.14/turn              (no ring)

@: no status effects
A: nightstalker 2, powered by pain 1
a: Renounce Religion


You were on level 4 of the Dungeon.
You worshipped Okawaru.
Okawaru was noncommittal.
You were hungry.

You visited 1 branch of the dungeon, and saw 4 of its levels.
You also visited: Sewer.

You collected 149 gold pieces.

Inventory:

Hand Weapons
 a - a +1 long sword (weapon)
Armour
 b - a +0 scale mail (worn)
 c - a +1 shield (worn)
Jewellery
 o - a +3 amulet of reflection (around neck)
 p - a ring of magical power (left hand)
Scrolls
 e - a scroll of identify
 g - a scroll of remove curse
 h - a scroll of amnesia {unknown}
 l - 2 scrolls of teleportation
Potions
 d - 2 potions of might
 k - a potion of ambrosia
 m - 2 potions of berserk rage
 q - 4 potions of brilliance {unknown}
 r - 4 potions of heal wounds {unknown}
 s - 3 potions of magic {unknown}
 t - 3 potions of curing {unknown}
Comestibles
 f - 8 rations


   Skills:
 + Level 3.7 Fighting
 + Level 4.1 Long Blades
 + Level 3.7 Armour
 + Level 1.0 Dodging
 + Level 3.4 Shields


You had 5 spell levels left.
You didn't know any spells.

Dungeon Overview and Level Annotations

Branches:
Dungeon (4/15)
 Temple: D:4-7

Altars:
Okawaru


Innate Abilities, Weirdness & Mutations

You are significantly more attuned to the shadows.
You sometimes gain a little power by taking damage.


Message History

You block the hippogriff's attack.
Unknown command.
Your shield prevents you from hitting the hippogriff.
The hippogriff is heavily wounded.
You block the hippogriff's attack. x2
The hippogriff claws you but does no damage.
Unknown command.
You hit the hippogriff.
The hippogriff is heavily wounded.
You block the hippogriff's attack. The hippogriff pecks you.
The hippogriff claws you.
Unknown command.
You closely miss the hippogriff.
The hippogriff is heavily wounded.
The hippogriff bites you.
* * * LOW HITPOINT WARNING * * *
You block the hippogriff's attack. x2; The hippogriff bites you!
* * * LOW HITPOINT WARNING * * *
The hippogriff pecks you.
You die...

#. ..... ##.# ....
.##. ..# #.. ... ..#
#.# #.# #.# ###
(...##.###.#####.###.#
...........##.......#.
....##.###.##.##.###.#
.....@.# #.##.##.# #.#
##..H### #.......# #.#
##.. #.##.#.## #.# #..
#†##.#.# #.. ...
#.#....# ### #...
#......... #.##.#..##
.........#
.........<..


You could see a hippogriff.

Vanquished Creatures
  2 orc wizards (D:3)
  An orc priest (D:3)
  4 gnolls (D:3)
  7 adders
  An ooze (D:3)
  2 worms
  3 dart slugs
  A leopard gecko (D:2)
  6 orcs (D:3)
  7 bats
  5 giant cockroaches
  9 hobgoblins
  9 jackals
  3 quokkas (D:3)
  6 ball pythons
  8 frilled lizards
  3 goblins
  A jackal skeleton (D:4)
  14 kobolds
  12 rats
  3 plants (Sewer)
107 creatures vanquished.

Vanquished Creatures (others)
  A kobold (Sewer)
  A plant (Sewer)
2 creatures vanquished.

Grand Total: 109 creatures vanquished

Notes
Turn   | Place    | Note
-------+----------+-------------------------------------------
     0 | D:1      | Peloso the Demonspawn Fighter began the quest for the Orb.
     0 | D:1      | Reached XP level 1. HP: 18/18 MP: 1/1
   153 | D:1      | Gained mutation: You sometimes gain a little power by taking damage. [demonic ancestry]
   153 | D:1      | Reached XP level 2. HP: 19/24 MP: 2/2
   354 | D:1      | Reached skill level 2 in Long Blades
   966 | D:2      | Reached XP level 3. HP: 28/29 MP: 3/3
  1148 | D:2      | Reached XP level 4. HP: 10/35 MP: 4/4
  1547 | D:3      | Found a glowing drain.
  1611 | Sewer    | Entered a sewer
  2969 | D:3      | Gained mutation: You are slightly more attuned to the shadows. [demonic ancestry]
  2969 | D:3      | Reached XP level 5. HP: 25/41 MP: 5/5
  2993 | D:3      | Reached skill level 3 in Long Blades
  3272 | D:3      | Reached skill level 1 in Dodging
  3398 | D:3      | Found an iron altar of Okawaru.
  3425 | D:3      | Reached skill level 4 in Long Blades
  3425 | D:3      | Gained mutation: You are significantly more attuned to the shadows. [demonic ancestry]
  3425 | D:3      | Reached XP level 6. HP: 27/48 MP: 6/6
  3435 | D:3      | Became a worshipper of Warmaster Okawaru
  3933 | D:4      | Noticed a hippogriff
  3948 | D:4      | Slain by a hippogriff

Skill      XL: |  1  2  3  4  5 |
---------------+----------------+-----
Armour         | 3 |  3.7
Long Blades    | 2 4 |  4.1
Shields        | 3 |  3.4
Dodging        | 1 |  1.0
Fighting       | |  3.7

Action                   |  1- 3 |  4- 6 || total
-------------------------+-------+-------++-------
Melee: Long sword        |   148 |   347 ||   495
  Use: Scroll            |       |     8 ||     8
 Stab: Sleeping          |       |     2 ||     2
  Eat: Chunk             |     1 |    10 ||    11
Armor: Scale mail        |    85 |   107 ||   192
Dodge: Dodged            |    39 |    73 ||   112
Block: Shield            |   101 |   169 ||   270
       Reflection        |       |     3 ||     3
       Rpst.: Long sword |     8 |    19 ||    27
